 Dungeon Crawl Stone Soup version 0.28.0-53-g5a82cb258f (webtiles) character file.

Game seed: 7759674845389553775

4 tizbic2 the Charlatan (level 1, -3/16 HPs)
             Began as a Demigod Artificer on Aug 7, 2022.
             Slain by an adder (4 damage)
             ... on level 2 of the Dungeon.
             The game lasted 00:03:50 (1076 turns).

tizbic2 the Charlatan (Demigod Artificer)           Turns: 1076, Time: 00:03:52

Health: -3/16      AC:  7    Str: 13    XL:     1   Next: 40%
Magic:  3/3        EV:  9    Int: 13    God:
Gold:   29         SH:  0    Dex: 14    Spells: 0/0 levels left

rFire   . . .      SeeInvis .   a - +0 club
rCold   . . .      Faith    .   (no shield)
rNeg    . . .      Spirit   .   k - +0 scale mail
rPois   .          Reflect  .   (no helmet)
rElec   .          Harm     .   (no cloak)
rCorr   .          Rampage  .   i - +0 pair of gloves
Will    .....                   (no boots)
Stlth   ..........              (no amulet)
HPRegen 0.05/turn               (no ring)
MPRegen 0.08/turn               (no ring)

@: no status effects
A: high MP 1, forlorn, divine attributes
a: no special abilities


You were on level 2 of the Dungeon.
You visited 1 branch of the dungeon, and saw 2 of its levels.

You collected 29 gold pieces.

Inventory:

Hand Weapons
 a - a +0 club (weapon)
 w - a +0 hunting sling
Missiles
 f - 40 stones
 g - 27 sling bullets
Armour
 b - a +0 leather armour
 i - a +0 pair of gloves (worn)
 j - a +0 chain mail
 k - a +0 scale mail (worn)
Wands
 c - a wand of flame (15) (quivered)
 d - a wand of charming (15)
Scrolls
 l - a scroll of identify {unknown}
Potions
 h - a potion of attraction {unknown}
Miscellaneous
 e - a piece from Xom's chessboard (15/15)


   Skills:
 + Level 1.0 Fighting
 * Level 0.3 Staves
 - Level 1.7 Armour
 - Level 0.8 Dodging
 - Level 0.8 Stealth
 + Level 0.1 Spellcasting
 * Level 2.8 Evocations


You couldn't memorise any spells.
You didn't know any spells.
Your spell library was empty.

Dungeon Overview and Level Annotations

Branches:
Dungeon (2/15)

Shops:
D:1 [


Innate Abilities, Weirdness & Mutations

You have an increased reservoir of magic. (+10% MP)
You shall have no god before yourself.
Your divine heritage dramatically boosts your attributes as you level up.


Message History

You barely miss the adder.
The adder is moderately wounded.
The adder bites you but does no damage. The adder closely misses you.
The hobgoblin hits you but does no damage.
You completely miss the adder.
The adder is moderately wounded.
The adder bites you but does no damage.
The hobgoblin hits you but does no damage.
The adder closely misses you.
You hit the adder.
The adder is heavily wounded.
The adder misses you. The hobgoblin hits you. The adder bites you.
You closely miss the adder.
The adder is heavily wounded.
The hobgoblin hits you but does no damage.
The adder closely misses you. The hobgoblin closely misses you.
You hit the adder but do no damage.
The adder is heavily wounded.
The adder bites you.
You are poisoned.
The adder poisons you! The hobgoblin barely misses you.
The adder bites you but does no damage.
You feel sick.
You miss the adder.
The adder is heavily wounded.
You feel sick.
The adder bites you but does no damage. x2
You closely miss the adder.
The adder is heavily wounded.
You feel sick.
The adder bites you but does no damage. x2
You miss the adder.
The adder is heavily wounded.
You feel sick. The adder bites you but does no damage.
You closely miss the adder.
The adder is heavily wounded.
You feel sick.
You are no longer poisoned.
The adder bites you.
* * * LOW HITPOINT WARNING * * *
The adder bites you.
You die...

.# .# .# .# .##
# ..#
....#####.)#.#
.......@Sg...#
#########.......
#(#.### .# # #


You could see an adder and a hobgoblin.

Vanquished Creatures
  2 bats (D:1)
  2 ball pythons (D:1)
  A frilled lizard (D:1)
5 creatures vanquished.

Notes
Turn   | Place    | Note
-------+----------+-------------------------------------------
     0 | D:1      | tizbic2 the Demigod Artificer began the quest for the Orb.
     0 | D:1      | Reached XP level 1. HP: 15/15 MP: 3/3
   292 | D:1      | Found Yntyif's Antique Armour Shoppe.
   409 | D:1      | Reached skill level 1 in Fighting
  1076 | D:2      | Slain by an adder

Illustrated notes

Levels and vault maps discovered:
D:1:      zelgadis_glass_arrival_small, layout_loops_corners,
          shapermc_ecumenical_altar_mp_highgroup, serial_shops,
          nicolae_shop_advertising_works [nicolae_subvault_shop_adworks],
          kennysheep_crisscross
D:2:      layout_loops_ring, moated_statue

Skill      XL: |  1 |
---------------+----+-----
Fighting       | 1 |  1.0
Staves         | |  0.3
Armour         | |  1.7
Dodging        | |  0.8
Stealth        | |  0.8
Spellcasting   | |  0.1
Evocations     | |  2.8

Action                   || total
-------------------------++-------
Melee: Club              ||    27
       Punch             ||     1
 Fire: Hunting sling     ||     3
Armor: Scale mail        ||    13
       Chain mail        ||    12
       Leather armour    ||     2
Dodge: Dodged            ||    25
